 Dungeon Crawl Stone Soup version 0.20.1-1-g8b1a95d66d (webtiles) character file.

1932 Kublaii the Cudgeler (level 8, -2/118 HPs)
             Began as a Troll Berserker on Nov 29, 2017.
             Was an Elder of Trog.
             Slain by a killer bee (4 damage)
             ... on level 7 of the Dungeon.
             The game lasted 00:55:40 (4818 turns).

Kublaii the Cudgeler (Troll Berserker)              Turns: 4818, Time: 00:55:41

Health: -2/118     AC: 24    Str: 26    XL:     8   Next: 97%
Magic:  0/7        EV:  1    Int:  3    God:    Trog [****..]
Gold:   335        SH:  0    Dex: 11    Spells: 7/7 levels left

rFire    . . .     SeeInvis .   a - +0 giant club
rCold    . . .     Gourm    +   (shield currently unavailable)
rNeg     + + +     Faith    .   (armour currently unavailable)
rPois    +         Spirit   +   (helmet currently unavailable)
rElec    .         Reflect  .   (cloak currently unavailable)
rCorr    .         Harm     .   (gloves unavailable)
MR       .....     NoTele   +   (boots unavailable)
Stlth    +.........             B - amulet of guardian spirit
Regen    0.7/turn               (no ring)
MPRegen  0.1/turn               (no ring)

@: lethally poisoned (-2 -> -4), tree-form, berserk cooldown, slowed, very slow
A: unfitting armour, fast metabolism 3, gourmand, regeneration 1
a: Berserk, Trog's Hand, Brothers in Arms, Burn Spellbooks, Renounce Religion


You were on level 7 of the Dungeon.
You worshipped Trog.
Trog was greatly pleased with you.
You were very full.
You were a tree.
You visited 1 branch of the dungeon, and saw 7 of its levels.

You collected 382 gold pieces.
You spent 47 gold pieces at shops.

Inventory:

Hand Weapons
 a - a +0 giant club (weapon)
 b - a +0 hunting sling of freezing
 c - a +0 blowgun
 m - the +2 mace of Ykhahap {freeze, rPois MR++ Int-5 SInv}
   (You found it on level 7 of the Dungeon)

   It has been specially enchanted to freeze those struck by it, causing extra
   injury to most foes and up to half again as much damage against particularly
   susceptible opponents.
   It can also slow down cold-blooded creatures.
   It affects your intelligence (-5).
   It protects you from poison.
   It affects your resistance to hostile enchantments.
   It lets you see invisible.
Missiles
 d - 37 sling bullets
 s - 43 poisoned needles
 u - a javelin
 F - 8 tomahawks (quivered)
Armour
 v - a +0 shield
 E - a +0 robe (melded)
Jewellery
 B - an amulet of guardian spirit (around neck)
Wands
 o - a wand of digging (24/24)
Scrolls
 e - a scroll of immolation {unknown}
 g - a scroll of enchant armour {unknown}
 h - a scroll of recharging
 i - 6 scrolls of identify
 j - a scroll of blinking {unknown}
 q - 4 scrolls of remove curse
 w - a scroll of enchant weapon {unknown}
 y - a scroll of fear {unknown}
 D - a scroll of brand weapon {unknown}
 G - a scroll of teleportation
Potions
 C - a potion of degeneration {unknown}
Books
 t - a book of Cantrips

   Spells                             Type                      Level
   a - Confusing Touch                Hexes                        1
   b - Animate Skeleton               Necromancy                   1
   c - Summon Small Mammal            Summoning                    1
   d - Apportation                    Translocation                1
   Trog disapproves of the use of such an item.
Comestibles
 f - 3 meat rations
 l - 3 chunks of flesh
 n - 6 fruits
 x - 6 bread rations


   Skills:
 + Level 4.8 Fighting
 + Level 6.2 Maces & Flails
 - Level 4.2 Throwing
 - Level 5.2 Dodging
 - Level 4.0 Unarmed Combat


You had 7 spell levels left.
You didn't know any spells.

Dungeon Overview and Level Annotations

Branches:
Dungeon (7/15)             Temple (0/1) D:5

Altars:
Gozag
Makhleb
Okawaru
Ru
Zin
The Shining One

Shops:
D:4 (


Innate Abilities, Weirdness & Mutations

You are too large for most types of armour.
((You have claws for hands.))
Your metabolism is lightning-fast.
You like to eat raw meat.
Your natural rate of healing is unusually fast.
((You are covered in fur. (AC +1)))
((You have very tough skin. (AC +2)))


Message History

Your skin stops crawling.
You feel less resistant to hostile enchantments.
You feel sick. The killer bee stings you!
* * * LOW HITPOINT WARNING * * *
The killer bee misses you. The killer bee closely misses you.
The killer bee stings you!
* * * LOW HITPOINT WARNING * * *
You miss the killer bee.
You feel sick. The killer bee stings you.
* * * LOW HITPOINT WARNING * * *
You are lethally poisoned!
The killer bee poisons you! The killer bee barely misses you.
The killer bee stings you.
* * * LOW HITPOINT WARNING * * *
Unknown command.
Unknown command.
It was a potion of lignification.
You turn into a tree.
Your +0 robe melds into your body.
Your roots penetrate the ground.
* * * LOW HITPOINT WARNING * * *
You feel sick. The killer bee stings you.
You die...

######.###### # ##.## #
#...# # . #...# ## ..
#...# #. ...#
#...#######. .....
######.........#.
...(..##................
....(yy♣................
.#(##s##................
# ######...#####.##
#.........##
#...######## #...### #
#.....# # #####.# # #.#
#


You could see 2 killer bees and a giant cockroach.

Vanquished Creatures
  A hippogriff (D:7)
  2 ice beasts
  A black bear (D:6)
  An ogre (D:6)
  A centaur (D:5)
  3 bullfrogs
  2 scorpions
  3 killer bees (D:7)
  3 wights (D:6)
  3 howler monkeys
  A crimson imp (D:4)
  A centaur zombie (D:6)
  An orc priest (D:7)
  2 hounds
  3 jellies
  A centaur skeleton (D:6)
  Ijyb (D:3)
  3 worker ants
  An orc wizard (D:7)
  A killer bee zombie (D:7)
  2 hound skeletons
  2 worker ant zombies (D:7)
  3 gnolls (D:5)
  6 adders
  An adder skeleton (D:4)
  A worm (D:2)
  3 dart slugs
  6 leopard geckos
  6 orcs
  5 giant cockroaches
  8 goblins
  7 hobgoblins
  2 jackals (D:7)
  2 quokkas
  A ball python (D:2)
  5 bats
  3 frilled lizards
  2 goblin skeletons (D:4)
  A goblin zombie (D:4)
  2 hobgoblin zombies (D:4)
  5 kobolds
  A kobold skeleton (D:4)
  A kobold zombie (D:4)
  An orc skeleton (D:4)
  15 rats
126 creatures vanquished.

Vanquished Creatures (others)
  4 toadstools (D:1)
4 creatures vanquished.

Grand Total: 130 creatures vanquished

Notes
Turn   | Place    | Note
-------+----------+-------------------------------------------
     0 | D:1      | Kublaii the Troll Berserker began the quest for the Orb.
     0 | D:1      | Reached XP level 1. HP: 22/22 MP: 0/0
    88 | D:1      | Reached XP level 2. HP: 29/29 MP: 1/1
   476 | D:1      | Reached ** piety under Trog
   538 | D:1      | Reached XP level 3. HP: 36/36 MP: 2/2
   788 | D:2      | Found a sacrificial altar of Ru.
   980 | D:2      | Found an iron altar of Okawaru.
  1469 | D:3      | Noticed Ijyb
  1490 | D:3      | Killed Ijyb
  1490 | D:3      | Reached skill level 1 in Throwing
  1490 | D:3      | Reached XP level 4. HP: 40/45 MP: 3/3
  2032 | D:4      | Found an opulent altar of Gozag.
  2049 | D:4      | Reached XP level 5. HP: 48/53 MP: 4/4
  2066 | D:4      | Reached *** piety under Trog
  2234 | D:4      | Found a glowing golden altar of the Shining One.
  2292 | D:4      | Reached XP level 6. HP: 61/61 MP: 5/5
  2388 | D:4      | Found a burning altar of Makhleb.
  2390 | D:4      | Noticed a balrug
  2432 | D:4      | Found Xacw's Weapon Emporium.
  2435 | D:4      | Bought a +0 hunting sling of freezing for 47 gold pieces
  2596 | D:4      | Found a glowing silver altar of Zin.
  2678 | D:5      | Entered Level 5 of the Dungeon
  3124 | D:5      | Found a staircase to the Ecumenical Temple.
  3347 | D:6      | Reached XP level 7. HP: 68/68 MP: 6/6
  3416 | D:6      | Reached skill level 1 in Maces & Flails
  3485 | D:6      | Reached skill level 2 in Maces & Flails
  3552 | D:6      | Reached skill level 3 in Maces & Flails
  3670 | D:6      | Reached **** piety under Trog
  3702 | D:6      | Reached skill level 4 in Maces & Flails
  3707 | D:6      | Reached XP level 8. HP: 70/78 MP: 7/7
  4316 | D:7      | Reached skill level 5 in Maces & Flails
  4363 | D:7      | Noticed a hippogriff
  4374 | D:7      | Killed a hippogriff
  4374 | D:7      | Reached skill level 5 in Dodging
  4708 | D:7      | Got a warped mace
  4709 | D:7      | Lost intelligence.
  4709 | D:7      | Identified the cursed +2 mace of Ykhahap {freeze, rPois MR++ Int-5 SInv} (You found it on level 7 of the Dungeon)
  4741 | D:7      | Reached skill level 6 in Maces & Flails
  4817 | D:7      | HP: 3/79 [killer bee (4)]
  4818 | D:7      | Slain by a killer bee

Skill      XL: |  1  2  3  4  5  6  7  8 |
---------------+-------------------------+-----
Fighting       | 3 4 |  4.8
Unarmed Combat | 4 |  4.0
Throwing       | 1 2 4 |  4.2
Dodging        | 3 4 5 |  5.2
Maces & Flails | 4 6 |  6.2

Action                   |  1- 3 |  4- 6 |  7- 9 || total
-------------------------+-------+-------+-------++-------
Melee: Unarmed           |    62 |   108 |    31 ||   201
       Punch             |     1 |       |       ||     1
       Giant club        |       |       |   123 ||   123
 Fire: Hunting sling     |    44 |    28 |    11 ||    83
       Blowgun           |       |     8 |    31 ||    39
Throw: Stone             |       |     4 |       ||     4
       Javelin           |       |       |     4 ||     4
Invok: Berserk           |     1 |       |     3 ||     4
       Trog's Hand       |       |       |     1 ||     1
  Use: Scroll            |       |       |    11 ||    11
       Potion            |       |       |     5 ||     5
 Stab: Sleeping          |     1 |       |       ||     1
  Eat: Chunk             |    18 |    17 |    17 ||    52
Armor: Animal skin       |    19 |     6 |       ||    25
       Robe              |       |    19 |    59 ||    78
Dodge: Dodged            |     8 |    21 |   111 ||   140
Block: Shield            |       |    23 |    11 ||    34
